 Dungeon Crawl Stone Soup version 0.13.0-59-g13bd910 (webtiles) character file.

313 Lilouch the Magician (level 5, -3/35 HPs)
             Began as a Mummy Fire Elementalist on Nov 22, 2013.
             Slain by a water moccasin (7 damage)
             ... on Level 3 of the Dungeon on Nov 23, 2013.
             The game lasted 00:15:36 (3361 turns).

Lilouch the Magician (Mummy Fire Elementalist)      Turns: 3361, Time: 00:15:36

HP  -3/35        AC  3     Str 11      XL: 5   Next: 53%
MP   7/11        EV 12     Int 15      God:
Gold 107         SH  0     Dex 12      Spells:  1 memorised, 10 levels left

Res.Fire  : x . .   See Invis. : .   e - +0,+2 dagger (venom)
Res.Cold  : + . .   Warding    : .   a - +0 robe
Life Prot.: + + +   Conserve   : .   (no shield)
Res.Poison: +       Res.Corr.  : .   (no helmet)
Res.Elec. : .       Clarity    : .   f - +0 cloak
Sust.Abil.: . .     Spirit.Shd : .   (no gloves)
Res.Mut.  : .       Stasis     : .   (no boots)
Res.Rott. : +       Flight     : .   (no amulet)
Saprovore : . . .                    (no ring)
                                     (no ring)

@: very slightly contaminated, slightly resistant to hostile enchantments,
unstealthy
A: no food or potions, fire vulnerability, restore body, cold resistance 1, life
protection 3, poison resistance, torment resistance, unbreathing
a: no special abilities


You were on level 3 of the Dungeon.
You were not hungry.

You visited 1 branch of the dungeon, and saw 3 of its levels.

You collected 87 gold pieces.

Inventory:

Hand weapons
 e - a +0,+2 dagger of venom (weapon)
 h - a +0,+0 sling
 p - a +0,-2 elven spear
 q - a +1,+1 dagger
 r - a +0,+1 orcish spear
 u - a +0,+1 orcish spear
 v - a +0,+1 orcish spear
 w - a +0,+1 orcish spear
 B - a +0,+0 dagger (quivered)
 C - a -1,+0 orcish dagger
 F - a +1,+0 dwarven dagger
 I - a +0,+1 orcish dagger
Missiles
 g - 11 arrows of frost
 i - 19 poisoned needles
 k - 49 stones
 x - 14 silver sling bullets
Armour
 a - a +0 robe (worn)
 f - a +0 cloak (worn)
 t - a cursed +0 ring mail
Magical devices
 E - a wand of digging (15)
Scrolls
 c - 2 scrolls of enchant weapon I {unknown}
 d - 2 scrolls of teleportation {unknown}
 j - 3 scrolls of remove curse
 l - 5 scrolls of blinking
 m - 5 scrolls of fear {unknown}
 n - a scroll of enchant armour {unknown}
 o - a scroll of curse armour {unknown}
 A - a scroll of identify {unknown}
 D - a scroll of random uselessness {unknown}
 H - a scroll of amnesia {unknown}
Books
 b - a book of Flames

   Spells                             Type                      Level
   *Flame Tongue                      Conjuration/Fire             1
   Throw Flame                        Conjuration/Fire             2
   Conjure Flame                      Conjuration/Fire             3
   Inner Flame                        Hexes/Fire                   3
   Sticky Flame                       Conjuration/Fire             4
   Fireball                           Conjuration/Fire             5
Magical staves
 s - an uncursed staff of earth


   Skills:
 - Level 1.5 Dodging
 - Level 1.5 Stealth
 * Level 3.6 Spellcasting
 + Level 2.2 Conjurations
 + Level 3.2 Fire Magic


You had 10 spell levels left.
You knew the following spells:

 Your Spells              Type           Power        Failure   Level  Hunger
a - Flame Tongue          Conj/Fire      ##...        8%          1    N/A

Dungeon Overview and Level Annotations

Branches:
Dungeon (3/27)

Altars:
Makhleb
Okawaru
Sif Muna


Innate Abilities, Weirdness & Mutations

You do not eat or drink.
Your flesh is vulnerable to fire.
Your flesh is cold resistant.
You are immune to negative energy.
Your system is resistant to poisons.
You are immune to unholy pain and torment.
You can survive without breathing.


Message History

Casting: Flame Tongue
Confirm with . or Enter, or press ? or * to list all spells.
Aiming: Flame Tongue
Press: ? - help, Shift-Dir - straight line, f/p - water moccasin
Aim: a water moccasin (lightly wounded)
You miscast Flame Tongue.
You are very lightly contaminated with residual magic.
Sparks fly from your hands! The water moccasin bites you!
* * * LOW HITPOINT WARNING * * *
Casting: Flame Tongue
Confirm with . or Enter, or press ? or * to list all spells.
Aiming: Flame Tongue
Press: ? - help, Shift-Dir - straight line, f/p - water moccasin
Aim: a water moccasin (lightly wounded)
The flame hits the water moccasin.
The water moccasin is severely wounded.
The water moccasin bites you.
* * * LOW HITPOINT WARNING * * *
The water moccasin bites you!
You die...

.######.##### #..#
#.# ............#
#..# #.#
.######.###.#
#..###.#
.######.###.####....#
....................#
)######.###.####....#
.# #...#.####....# .#
#.....).......# .#
#...#.#..#@...# .#
#####...##S...# .#
##.[###.#### .#
##..###.).....# .#
#...# #....$..# .#
###.# #......<# ##
########.###.......#
#..........#../...##
#..........#......#


You could see a water moccasin.

Vanquished Creatures
  A hound (D:2)
  Ijyb (D:2)
  Jessica (D:3)
  6 adders
  2 giant mites
  7 orcs (D:3)
  A ball python (D:2)
  3 giant cockroaches
  6 hobgoblins
  5 jackals (D:3)
  2 oozes
  4 training dummies (D:2)
  2 bats (D:3)
  3 giant geckos
  2 giant newts (D:1)
  7 goblins
  9 kobolds
  2 quokkas
  3 rats
67 creatures vanquished.

Notes
Turn   | Place    | Note
--------------------------------------------------------------
     0 | D:1      | Lilouch, the Mummy Fire Elementalist, began the quest for the Orb.
     0 | D:1      | Reached XP level 1. HP: 13/13 MP: 3/3
   489 | D:1      | Reached XP level 2. HP: 19/19 MP: 0/4
   583 | D:1      | Reached skill level 1 in Conjurations
  1176 | D:2      | Reached XP level 3. HP: 18/24 MP: 1/6
  1387 | D:2      | Found an iron altar of Okawaru.
  1474 | D:2      | Found a burning altar of Makhleb.
  1483 | D:2      | Reached XP level 4. HP: 21/30 MP: 2/8
  1744 | D:2      | Reached skill level 3 in Spellcasting
  1766 | D:2      | Noticed Ijyb
  1797 | D:2      | Killed Ijyb
  2131 | D:2      | Found a deep blue altar of Sif Muna.
  2428 | D:3      | Noticed Jessica
  2439 | D:3      | Killed Jessica
  2439 | D:3      | Reached XP level 5. HP: 29/35 MP: 1/11
  3354 | D:3      | Noticed a water moccasin
  3361 | D:3      | Slain by a water moccasin

Action                   |  1- 3 |  4- 6 || total
-------------------------+-------+-------++-------
Melee: Mace              |    30 |       ||    30
       Unarmed           |     4 |       ||     4
       Spear             |       |    40 ||    40
       Dagger            |       |    12 ||    12
 Fire: Sling             |       |    21 ||    21
Throw: Club              |    21 |     3 ||    24
       Dart              |     7 |       ||     7
       Dagger            |     5 |    20 ||    25
       Spear             |     1 |       ||     1
       Stone             |     1 |    14 ||    15
 Cast: Flame Tongue      |    34 |    78 ||   112
  Use: Scroll            |       |     2 ||     2
 Stab: Sleeping          |       |     1 ||     1
       Distracted        |       |     1 ||     1
